AoeStats
← DS_Kvothe

Arena

510440261Analyzed
1v1 RM · 16h ago on Oct 1, 2026· 40m 35s· 2 players
Game mode
Random Map
Map size
Tiny (2 player)
Population
200
Speed
Normal
Resources
Standard
Victory
Conquest
Starting age
Dark Age
Ending age
Imperial Age
RankedLock teamsTeams togetherTeam positionsShared explorationLock speedFull tech treeHidden civsTurbo modeCheats
Victory
Defeat
🇵🇪 Berbers · Peru
1791
+19
🇦🇷 Burmese · Argentina
1866
-19
Sliper
10:10 Feudal Age
14:13 Castle Age
12:11 Double-Bit Axe
15:01 Fletching
15:38 Bow Saw
21:03 Wheelbarrow
23:38 Horse Collar
24:52 Bodkin Arrow
26:44 Padded Archer Armor
27:30 Heavy Plow
31:36 Imperial Age
30:06 Ballistics
32:05 Loom
32:39 Hand Cart
32:30 Bracer
33:31 Chemistry
32:35 Gold Mining
33:16 Conscription
32:55 Town Watch
34:09 Leather Archer Armor
34:06 Bloodlines
33:57 Husbandry
34:38 Maghrebi Camels
36:31 Ring Archer Armor
37:54 Scale Barding Armor
40:14 Elite Camel Archer
DS_Kvothe
10:34 Feudal Age
14:32 Castle Age
12:13 Horse Collar
15:21 Heavy Plow
15:21 Gold Mining
19:29 Sanctity
20:43 Wheelbarrow
19:54 Town Watch
20:37 Husbandry
20:32 Loom
28:21 Imperial Age
26:21 Fletching
26:32 Padded Archer Armor
26:37 Scale Barding Armor
26:42 Forging
26:46 Masonry
27:03 Scale Barding Armor
27:08 Forging
27:05 Gold Mining
27:05 Stone Mining
27:54 Hand Cart
28:03 Bloodlines
27:49 Bodkin Arrow
29:01 Chain Barding Armor
30:45 Chemistry
31:19 Ballistics
31:39 Architecture
32:04 Elite Arambai
32:49 Howdah
33:00 Manipur Cavalry
33:32 Light Cavalry
35:54 Plate Barding Armor
35:54 Iron Casting
35:52 Conscription
Connection lost

Rejoining the realm…

Still unreachable

The connection could not be restored.

Session expired

The server has moved on; the page needs a fresh start.